 Dungeon Sprint DCSS version 0.26-a0-1033-gd598b01645 (webtiles) character file.

Game seed: 14855187291399106902

219 mhtbhm the Quickloader (level 6, 0/60 HPs)
             Began as a Kobold Hunter on Dec 10, 2020.
             Was a Follower of Okawaru.
             Slain by a vampire (10 damage)
             ... in the Dungeon (Sprint IX: "|||||||||||||||||||||||||||||").
             The game lasted 00:02:46 (275 turns).

mhtbhm the Quickloader (Kobold Hunter)               Turns: 275, Time: 00:02:47

Health: 0/60       AC:  9    Str: 12    XL:     6   Next: 18%
Magic:  6/6        EV:  9    Int: 15    God:    Okawaru [*.....]
Gold:   0          SH:  0    Dex: 18    Spells: 5/5 levels left

rFire    . . .     SeeInvis .   o - +2 rapier (venom)
rCold    . . .     Faith    .   (shield restricted)
rNeg     . . .     Spirit   .   b - +1 chain mail
rPois    .         Reflect  .   (no helmet)
rElec    .         Harm     .   (no cloak)
rCorr    .         Rampage  .   (no gloves)
Will     .....     NoTele   +   (no boots)
Stlth    ..........             (no amulet)
HPRegen  0.20/turn              q - +3 ring of intelligence
MPRegen  0.10/turn              r - +3 ring of dexterity

@: confused, berserking (expiring), very quick
A: small, nightstalker 3
a: Heroism, Renounce Religion


You were in the Dungeon.
You worshipped Okawaru.
Okawaru was aware of your devotion.
You visited 1 branch

Inventory:

Hand Weapons
 a - a +1 hand crossbow
 o - a +2 rapier of venom (weapon)
 p - the +9 staff of Olgreb {rPois∞}
   (You found it in the Dungeon)

   It grants immunity to poison.
Missiles
 d - 6 bolts
Armour
 b - a +1 chain mail (worn)
 c - a +0 leather armour
Jewellery
 q - a +3 ring of intelligence (left hand)
 r - a +3 ring of dexterity (right hand)
Wands
 n - a wand of iceblast (10)
Scrolls
 j - 2 scrolls of blinking
 l - 3 scrolls of remove curse
 m - 2 scrolls of amnesia
Potions
 e - 5 potions of curing
 f - a potion of heal wounds
 g - a potion of haste
 h - 4 potions of magic
 k - a potion of invisibility


   Skills:
 + Level 5.0 Fighting
 + Level 12.5 Crossbows
 + Level 2.3 Armour
 + Level 4.2 Dodging
 + Level 1.3 Stealth


You had 5 spell levels left.
You didn't know any spells.
Your spell library was empty.

Dungeon Overview and Level Annotations

Branches:
Dungeon (1/1)

Altars:
Cheibriados
Dithmenos
Elyvilon
Fedhas
Gozag
Hepliaklqana
Kikubaaqudgha
Makhleb
Nemelex Xobeh
Okawaru
Qazlal
Ru
Sif Muna
Trog
Uskayaw
Vehumet
Wu Jian
Xom
Yredelemnul
Zin
The Shining One
Beogh
Jiyva
Lugonu


Innate Abilities, Weirdness & Mutations

You are small and have problems with some larger weapons.
You are completely attuned to the shadows.


Message History

You hit something. Something hits you!
* * * LOW HITPOINT WARNING * * *
Something bites you but does no damage.
You miss something.
You hear some strange, mumbled words.
You are confused.
You bump into the unnaturally hard rock wall.
You bump into the unnaturally hard rock wall.
You feel a strong urge to attack something.
Something hits you but does no damage. Something bites you but does no damage.
You bump into the unnaturally hard rock wall.
Something hits you but does no damage. Something bites you.
* * * LOW HITPOINT WARNING * * *
Something draws strength from your injuries!
You hit something.
You bump into the unnaturally hard rock wall.
Something hits you.
* * * LOW HITPOINT WARNING * * *
Something bites you!
You die... ▓▓▓▓▓▓▓▓▓▓▓▓▓▓▓▓▓▓▓▓▓ _______'..)..[(.@{Bh( ▓▓▓▓▓▓▓▓▓▓▓▓▓▓▓▓▓▓▓▓▓

You could see a hound and a worker ant.

Vanquished Creatures
  An ogre (D)
  A centaur (D)
  A hound (D)
  A gnoll (D)
  A shadow imp (D)
  A dart slug (D)
  A leopard gecko (D)
  A giant cockroach (D)
  A goblin (D)
  2 hobgoblins (D)
  A jackal (D)
  A kobold (D)
13 creatures vanquished.

Notes
Turn   | Place    | Note
-------+----------+-------------------------------------------
     0 | D        | mhtbhm the Kobold Hunter began the quest for the Orb.
     0 | D        | Reached XP level 1. HP: 12/12 MP: 1/1
     5 | D        | Reached skill level 5 in Crossbows
     7 | D        | Reached skill level 6 in Crossbows
     8 | D        | Reached XP level 2. HP: 18/18 MP: 2/2
    45 | D        | Reached skill level 7 in Crossbows
    47 | D        | Reached XP level 3. HP: 14/22 MP: 3/3
    48 | D        | Reached skill level 8 in Crossbows
   172 | D        | Found a roughly hewn altar of Beogh.
   172 | D        | Found a snail-covered altar of Cheibriados.
   172 | D        | Found a shadowy altar of Dithmenos.
   173 | D        | Found a white marble altar of Elyvilon.
   174 | D        | Found a blossoming altar of Fedhas.
   175 | D        | Found an opulent altar of Gozag.
   176 | D        | Found a hazy altar of Hepliaklqana.
   177 | D        | Found a viscous altar of Jiyva.
   178 | D        | Found an ancient bone altar of Kikubaaqudgha.
   179 | D        | Found a corrupted altar of Lugonu.
   180 | D        | Found a burning altar of Makhleb.
   181 | D        | Found a sparkling altar of Nemelex Xobeh.
   182 | D        | Found an iron altar of Okawaru.
   183 | D        | Found a stormy altar of Qazlal.
   184 | D        | Found a sacrificial altar of Ru.
   185 | D        | Found a shimmering blue altar of Sif Muna.
   186 | D        | Found a bloodstained altar of Trog.
   187 | D        | Became a worshipper of Warmaster Okawaru
   188 | D        | Found a hide-covered altar of Uskayaw.
   189 | D        | Found a radiant altar of Vehumet.
   190 | D        | Found an ornate altar of the Wu Jian Council.
   191 | D        | Found a shimmering altar of Xom.
   192 | D        | Found a basalt altar of Yredelemnul.
   193 | D        | Found a glowing silver altar of Zin.
   194 | D        | Found a glowing golden altar of the Shining One.
   200 | D        | Found the +9 staff of Olgreb {rPois∞}
   246 | D        | Noticed a centaur
   246 | D        | Noticed an ogre
   246 | D        | Noticed a vampire
   252 | D        | Killed a centaur
   252 | D        | Reached * piety under Okawaru
   253 | D        | Reached skill level 10 in Crossbows
   253 | D        | Reached skill level 1 in Armour
   253 | D        | Reached XP level 4. HP: 23/29 MP: 4/4
   253 | D        | Reached XP level 5. HP: 26/33 MP: 5/5
   254 | D        | Killed an ogre
   255 | D        | Reached skill level 12 in Crossbows
   255 | D        | Reached XP level 6. HP: 32/40 MP: 6/6
   259 | D        | Reached skill level 5 in Fighting
   275 | D        | Slain by a vampire

Illustrated notes

Levels and vault maps discovered:
D:        linesprint [early_d, line_temple, items_1, d_10, items_2, lair_1,
          lair_end, items_3, orc_1, orc_end, items_4, d_15, swamp_1, shoals_1,
          snake_1, spider_1, d_20, vaults_1, items_5, swamp_end, shoals_end,
          snake_end, spider_end, vaults_end, d_27, items_6, zot_1, zot_end,
          crypt_end, forest_end, elf_end, slime_end, tomb_end, abyss_end,
          pan_hell_end]

Skill      XL: |  1  2  3  4  5  6 |
---------------+-------------------+-----
Crossbows      | 6 7 10 12 | 12.5
Fighting       | 4 5 |  5.0
Dodging        | 3 4 |  4.2
Armour         | 1 2 |  2.3
Stealth        | |  1.3

Action                   |  1- 3 |  4- 6 || total
-------------------------+-------+-------++-------
Melee: Rapier            |       |     6 ||     6
 Fire: Hand crossbow     |    26 |     7 ||    33
  Use: Potion            |       |     3 ||     3
Armor: Leather armour    |     4 |       ||     4
       Chain mail        |     4 |    11 ||    15
Dodge: Dodged            |    10 |     1 ||    11

Table legend: (Time is in decaauts)
 A = Elapsed time spent in this place.
 B = Non-inter-level travel time spent in this place.
 C = Inter-level travel time spent in this place.
 D = Time resting spent in this place.
 E = Time spent auto-exploring this place.
 F = Levels seen in this place.
 G = Mean time per level.
                   A        B        C        D        E       F      G
               +--------+--------+--------+--------+--------+-----+--------+
         Total |    275 |    275 |      0 |    112 |      3 |   1 |  275.0 |
       Dungeon |    275 |    275 |      0 |    112 |      3 |   1 |  275.0 |
               +--------+--------+--------+--------+--------+-----+--------+

Top non-repeatable levels by time:
       D: 275 daAuts
